Map: Abiogenesis LE

Players

Infamous

  • Race: Protoss Protoss
  • League: Silver
  • Spawn Location: 11:00

aCiD - Winner!

  • Race: Zerg Zerg
  • League: Gold
  • Spawn Location: 5:00

VOD

Have the link to the VOD?

Description

Time

  • Played on: April 6, 2018, 10:43 a.m.
  • Length: 5:00
Show
View Real Time Build Order
Export as new Build Order

Infamous Protoss 

Build Orders:  

Get SALT Encoding   

  12  0:01  Probe  
  13  0:13  Probe  
  14  0:22  Pylon  
  14  0:26  Probe  
  15  0:40  Probe  
  16  0:43  Gateway  
  16  0:53  Probe  
  17  1:03  Assimilator  
  17  1:05  Probe  
  18  1:38  Cybernetics Core, Zealot (Chrono Boost)  
  18  1:39  Gateway  
  20  1:43  Probe  
  21  1:47  Pylon  
  21  2:06  Warp Gate  
  21  2:10  Pylon  
  21  2:26  Nexus  
  21  2:28  Probe  
  22  2:31  Assimilator  
  22  2:36  Zealot (Chrono Boost)  
  20  2:41  Probe  
  22  2:56  Probe  
  23  3:04  Stalker  
  23  3:08  Probe  
  21  3:16  Pylon  
  21  3:20  Probe  
  22  3:33  Probe  
  22  3:38  Zealot (Chrono Boost)  
  22  3:39  Probe  
  24  3:45  Probe  
  25  3:51  Probe  
  26  3:57  Probe  
  25  4:03  Probe  
  26  4:15  Pylon x2, Probe x2  
  26  4:22  Gateway  
  26  4:27  Pylon  
  26  4:38  Forge  
Show
View Real Time Build Order
Export as new Build Order

aCiD Zerg - Winner!

Build Orders: Pool First 

Get SALT Encoding   

  12  0:01  Drone  
  13  0:16  Drone  
  13  0:18  Overlord  
  14  0:37  Spawning Pool  
  14  0:39  Drone  
  14  0:43  Drone  
  15  0:57  Drone x2  
  16  0:59  Extractor  
  16  1:24  Queen  
  16  1:25  Zergling x6  
  21  1:37  Overlord  
  21  2:09  Hatchery  
  21  2:13  Zergling x6  
  21  2:38  Zergling x2  
  21  2:39  Zergling x6  
  25  2:48  Queen  
  25  3:07  Zergling x6  
  26  3:16  Metabolic Boost  
  26  3:20  Overlord  
  26  3:23  Drone  
  26  3:26  Drone  
  26  3:49  Zergling x4  
  26  3:50  Zergling x8  
  32  3:58  Drone  
  32  3:59  Drone  
  32  4:11  Zergling x2  
  32  4:16  Drone x3  
  36  4:41  Zergling x8  
Tags
 
Matchup
PvZ
Opening
Pool First
Replay Pack
Last Remnant (2)
Spawn Locations
Cross Positions
Add a new tag
Caveats
  • Supply blocks, unpowered buildings, or Contaminate may cause inaccurate times.
  • Supply counts are checked every 10 seconds.